 Dungeon Crawl Stone Soup version 0.29.1-12-g30fa7ad0bf (webtiles) character file.

Game seed: 17565487719100665550

622 booth the Chopper (level 7, -3/51 HPs)
             Began as a Demonspawn Gladiator on Dec 27, 2022.
             Was an Initiate of Ashenzari.
             Slain by a scorpion (4 damage)
             ... on level 5 of the Dungeon on Dec 28, 2022.
             The game lasted 00:30:36 (4433 turns).

booth the Chopper (Demonspawn Gladiator)            Turns: 4433, Time: 00:30:37

Health: -3/51      AC:  4    Str: 17    XL:     7   Next: 22%
Magic:  2/2        EV: 12    Int:  9    God:    Ashenzari [......]
Gold:   144        SH:  0    Dex: 14    Spells: 6/6 levels left

rFire   . . .      SeeInvis .   o - +6 hand axe of the Shackled Failure {antimagic, Fragile rC+ Stlth+, Evo, Comp} (curse)
rCold   + . .      Faith    .   (no shield)
rNeg    . . .      Spirit   .   b - +0 leather armour
rPois   .          Reflect  .   c - +0 helmet
rElec   .          Harm     .   (no cloak)
rCorr   .          Rampage  .   (no gloves)
Will    .....                   (no boots)
Stlth   +++.......              (no amulet)
HPRegen 0.17/turn               (no ring)
MPRegen 0.08/turn               (no ring)

@: lethally poisoned (-3 -> -13)
A: claws 2, hooves 1
a: Renounce Religion, Curse Item, Shatter the Chains


You were on level 5 of the Dungeon.
You worshipped Ashenzari.
Ashenzari was noncommittal.
You visited 1 branch of the dungeon, and saw 5 of its levels.

You collected 144 gold pieces.

Inventory:

Hand Weapons
 a - a +0 war axe
 f - a +1 mace
 o - the cursed +6 hand axe of the Shackled Failure (weapon) {antimagic, Fragile rC+ Stlth+, Evo, Comp}
   (You found it on level 3 of the Dungeon)

   It reduces the magical energy of the wielder, and disrupts the spells and
   magical abilities of those it strikes.
   Natural abilities and divine invocations are not affected.
   rC:        It protects you from cold.
   Fragile:   It will be destroyed if unequipped.
   Stlth:     It makes you more stealthy.
   It has a curse which improves the following skills: Evocations: Evocations.
   Companions: Summonings and Necromancy.
Missiles
 d - 3 throwing nets (quivered)
 s - a boomerang
 t - a javelin
Armour
 b - a +0 leather armour (worn)
 c - a +0 helmet (worn)
 g - a +0 ring mail
Wands
 l - a wand of roots (3)
Scrolls
 e - 2 scrolls of identify
 q - a scroll of enchant weapon
 u - a scroll of teleportation
 w - 2 scrolls of silence {unknown}
Potions
 h - a potion of haste
 i - 4 potions of curing
 j - 2 potions of degeneration
 k - a potion of brilliance
 m - a potion of berserk rage
 n - a potion of magic {unknown}
 p - a potion of mutation {unknown}
 r - a potion of might {unknown}
 v - 2 potions of ambrosia {unknown}


   Skills:
 + Level 2.9 Fighting
 * Level 5.5 Axes
 + Level 2.3 Throwing
 + Level 2.6 Armour
 + Level 3.3 Dodging
 + Level 1.4 Stealth
 * Level 2.0(2.3) Evocations


You had 6 spell levels left.
You didn't know any spells.
Your spell library contained the following spells:

 Spells                   Type           Power      Damage    Failure   Level
 Summon Small Mammal      Summ           0%         N/A       43%         1
 Scorch                   Fire           0%         2d5       58%         2
 Call Canine Familiar     Summ           0%         N/A       82%         3
 Summon Guardian Golem    Hex/Summ       0%         N/A       82%         3
 Animate Armour           Summ/Erth      0%         N/A       99%         4
 Flame Wave               Conj/Fire      0%         2d4       99%         4
 Blade Hands              Tmut           0%         N/A       100%        5
 Iron Shot                Conj/Erth      0%         9d1       100%        6
 Summon Cactus Giant      Summ           0%         N/A       100%        6


Dungeon Overview and Level Annotations

Branches:
Dungeon (5/15)
 Temple: D:4-7

Altars:
Ashenzari
Nemelex Xobeh
Sif Muna


Innate Abilities, Weirdness & Mutations

You have very sharp fingernails.
You have large cloven feet.


Message History

The orc wizard gestures at you while chanting.
You are confused.
You slash the orc priest! You kick the orc priest.
You kill the orc priest!
A scorpion comes into view.
The scorpion stings you. The scorpion barely misses you.
Your Evocations skill increases to level 2!
You bump into the rock wall.
The scorpion stings you.
You are poisoned.
The scorpion poisons you! The scorpion stings you.
You are more poisoned.
The scorpion poisons you!
You bump into the rock wall.
You feel very sick. The scorpion barely misses you. x2
An orc comes into view. It is wielding a +0 hand axe.
You slash the scorpion! You kick the scorpion.
The scorpion is severely wounded.
You barely miss the scorpion.
You feel very sick.
The scorpion stings you but does no damage.
The scorpion stings you.
You hit the scorpion but do no damage. You kick the scorpion.
The scorpion is almost dead.
You barely miss the scorpion.
You feel sick. The scorpion closely misses you. The scorpion stings you!
* * * LOW HITPOINT WARNING * * *
You bump into the rock wall.
You feel less confused.
You feel sick. The scorpion misses you. The scorpion stings you.
* * * LOW HITPOINT WARNING * * *
You are more poisoned.
The scorpion poisons you! The scorpion closely misses you. x2
You slash the scorpion!
You kill the scorpion!
You hit the scorpion but do no damage.
* * * LOW HITPOINT WARNING * * *
You feel very sick. The scorpion stings you.
You die...

####+####
#..(..)@#
#.....s##
#.....o
#......
#######


You could see a scorpion and an orc wizard.

Vanquished Creatures
  An ogre (D:4)
  2 scorpions
  A hound (D:4)
  A gnoll bouda (D:4)
  4 orc priests
  A scorpion zombie (D:4)
  An orc wizard (D:4)
  A hound zombie (D:4)
  7 gnolls (D:4)
  5 adders
  3 dart slugs (D:3)
  19 orcs
  7 endoplasms
  A giant cockroach (D:1)
  14 goblins
  7 hobgoblins
  5 jackals
  5 ball pythons
  8 bats
  2 frilled lizards
  6 kobolds
  7 rats
108 creatures vanquished.

Notes
Turn   | Place    | Note
-------+----------+-------------------------------------------
     0 | D:1      | booth the Demonspawn Gladiator began the quest for the Orb.
     0 | D:1      | Reached XP level 1. HP: 16/16 MP: 1/1
   221 | D:1      | Reached skill level 3 in Axes
   412 | D:1      | Discovered your monstrous ancestry.
   412 | D:1      | Gained mutation: You have sharp fingernails. [demonic
                  | ancestry]
   412 | D:1      | Reached XP level 2. HP: 20/22 MP: 2/2
   981 | D:2      | Gained mutation: You have large cloven feet. [demonic
                  | ancestry]
   981 | D:2      | Reached XP level 3. HP: 13/27 MP: 3/3
  1696 | D:3      | Reached skill level 1 in Armour
  1803 | D:3      | Reached XP level 4. HP: 23/34 MP: 4/4
  1928 | D:3      | Found a faded altar of an unknown god.
  1962 | D:3      | Prayed at the altar of an unknown god.
  1962 | D:3      | Became a worshipper of Ashenzari the Shackled
  2005 | D:3      | Identified the +6 hand axe "Sukhytwe" {antimagic, Fragile
                  | rC+ Stlth+}
  2181 | D:3      | Found a sparkling altar of Nemelex Xobeh.
  2430 | D:3      | Found a shimmering blue altar of Sif Muna.
  2470 | D:3      | Reached skill level 4 in Axes
  2724 | D:4      | Noticed an ogre
  2815 | D:4      | Reached XP level 5. HP: 27/39 MP: 1/5
  2829 | D:3      | Reached skill level 1 in Evocations
  3128 | D:4      | Reached skill level 1 in Stealth
  3283 | D:4      | Reached XP level 6. HP: 35/46 MP: 2/6
  3331 | D:4      | Reached skill level 5 in Axes
  4058 | D:4      | Gained mutation: You have very sharp fingernails. [demonic
                  | ancestry]
  4058 | D:4      | Reached XP level 7. HP: 51/51 MP: 2/7
  4422 | D:5      | Entered Level 5 of the Dungeon
  4433 | D:5      | HP: 1/51 [poisoned by a scorpion]
  4433 | D:5      | Slain by a scorpion

Illustrated notes

Levels and vault maps discovered:
D:1:      dpeg_arrival_boxes_within_box, layout_rooms
D:2:      layout_rooms
D:3:      layout_loops_ring, nemelex_dance_club_becter, led_sif_book,
          hellmonk_ecumenical_altar_defaced_shrine
D:4:      layout_loops_ring, serial_undead, serial_undead_b, serial_undead_b,
          serial_undead_b, serial_undead_d
D:5:      layout_basic, gammafunk_ghost_smash, minmay_circle_x

Skill      XL: |  1  2  3  4  5  6  7 |
---------------+----------------------+-----
Axes           | 3 4 5 |  5.5
Throwing       | 2 |  2.3
Armour         | 1 2 |  2.6
Evocations     | 1 2 |  2.0
Dodging        | 3 |  3.3
Stealth        | 1 |  1.4
Fighting       | |  2.9

Action                   |  1- 3 |  4- 6 |  7- 9 || total
-------------------------+-------+-------+-------++-------
Melee: War axe           |   121 |     1 |       ||   122
       Kick              |     9 |    19 |     9 ||    37
       Hand axe          |       |   131 |    25 ||   156
       Punch             |       |       |     1 ||     1
Throw: Javelin           |       |     1 |       ||     1
       Boomerang         |       |     2 |       ||     2
Invok: Curse Item        |       |     1 |       ||     1
  Use: Scroll            |     6 |     5 |       ||    11
       Potion            |     2 |     1 |       ||     3
 Stab: Sleeping          |       |     5 |       ||     5
Armor: Leather armour    |    50 |    20 |     3 ||    73
Dodge: Dodged            |    94 |    80 |    16 ||   190
